 Dungeon Crawl Stone Soup version 0.31-a0-940-gdaa99269f9 (webtiles) character file.

Game seed: 2324643289152669727

25 Getoffmy the Gusty (level 2, 20/20 HPs)
             Began as a Draconian Air Elementalist on Oct 20, 2023.
             Was a Follower of Kikubaaqudgha.
             Got out of the dungeon alive.
             The game lasted 00:02:21 (555 turns).

Getoffmy the Gusty (Draconian Air Elementalist)      Turns: 555, Time: 00:02:22

Health: 20/20      AC:  4    Str: 10    XL:     2   Next: 86%
Magic:  5/5        EV: 12    Int: 15    God:    Kikubaaqudgha [*.....]
Gold:   60         SH:  0    Dex: 11    Spells: 4/5 levels left

rFire   . . .        e - +0 whip
rCold   . . .        (no shield)
rNeg    . . .        (body armour unavailable)
rPois   .            (helmet restricted)
rElec   .            (no cloak)
rCorr   +            (no gloves)
SInv    .            (no boots)
Will    .....        (no amulet)
Stlth   ++           c - ring of resist corrosion
HPRegen 0.23/turn    (no ring)
MPRegen 0.09/turn

%: no passive effects
@: no status effects
A: AC +4, unfitting armour, cold-blooded
a: Renounce Religion, Unearth Wretches


You escaped.
You worshipped Kikubaaqudgha.
Kikubaaqudgha was aware of your devotion.
You visited 1 branch of the dungeon, and saw 1 of its levels.

You collected 60 gold pieces.

Inventory:

Hand Weapons
 e - a +0 whip (weapon)
Jewellery
 c - a ring of resist corrosion (left hand)
Potions
 a - a potion of magic
 b - a potion of attraction {unknown}
 d - a potion of haste {unknown}


   Skills:
 - Level 1.7 Dodging
 - Level 1.7 Stealth
 + Level 2.3 Spellcasting
 * Level 2.1 Conjurations
 + Level 3.3 Air Magic


You had 4 spell levels left.
You knew the following spells:

 Your Spells              Type           Power      Damage    Failure   Level
a - Shock                 Conj/Air       36%        1d5       7%          1

Your spell library contained the following spells:

 Spells                   Type           Power      Damage    Failure   Level
 Static Discharge         Conj/Air       18%        3-4/arc   11%         2
 Swiftness                Air            11%        N/A       17%         3
 Cigotuvi's Dreadful Rot  Necr/Pois/Air  10%        N/A       21%         2
 Necrotise                Necr           4%         1d4       22%         1
 Sublimation of Blood     Necr           1%         N/A       32%         2
 Airstrike                Air            5%         2d(1-17)  50%         4
 Vampiric Draining        Necr           1%         2d6       54%         3


Dungeon Overview and Level Annotations

Branches:
Dungeon (1/15)

Altars:
Kikubaaqudgha


Innate Abilities, Weirdness & Mutations

Your plain brown scales are hard. (AC +4)
You cannot fit into any form of body armour.
You are cold-blooded and may be slowed by cold attacks.


Message History

The zap hits the endoplasm.
The endoplasm is almost dead.
The endoplasm closely misses you.
Unknown command.
Unknown command.
Unknown command.
Unknown command.
Casting: Shock (safe; 7% risk of failure)
Confirm with . or Enter, or press ? or * to list all spells.
Aiming: Shock (safe; 7% risk of failure)
Press: ? - help, Shift-Dir - straight line The zap hits the endoplasm.
You kill the endoplasm!
Unknown command.
You start resting.
HP restored.
You start resting.
Magic restored.
Things that are here:
a rat corpse; a bat corpse You see here a +0 short sword.
Found a faded altar of an unknown god.
An endoplasm comes into view.
Found a book of Burglary.
An endoplasm is nearby!
An endoplasm is nearby!
There is a stone staircase leading down here.
There is a shaft here.
There is a faded altar of an unknown god here.
This altar belongs to (a) Sif Muna, (b) Makhleb or (c) Kikubaaqudgha, but you can't tell which.
Press the corresponding letter to learn more about a god, or press enter to convert or escape to cancel.
Kikubaaqudgha accepts your prayer! Kikubaaqudgha welcomes you!
You can now bring forth the wretched and dying.
Kikubaaqudgha grants you a gift!
You add the spells Necrotise, Cigotuvi's Dreadful Rot, Sublimation of Blood and Vampiric Draining to your library.
There is a shaft here.
You see here a hobgoblin skeleton.
You see here 5 stones.
There is a staircase leading out of the dungeon here.
You have escaped!

####...####
#....###.#
#.........#
#..####..#
#.......^.#
#.## #.##
#.........#
#.# ###
####...####
#.#####_#
#...#
#.....#^#
####...####
#.....#.##
#.........#
#.......>.
#.♣..@..♣.#
#.........
#.........#
#.........
###########
##........
#........
#........
...######.
### #. ##


There were no monsters in sight!

Vanquished Creatures
  A gnoll (D:1)
  2 endoplasms (D:1)
  A giant cockroach (D:1)
  A goblin (D:1)
  A hobgoblin (D:1)
  2 jackals (D:1)
  A kobold (D:1)
  2 quokkas (D:1)
  A ball python (D:1)
  A bat (D:1)
  A rat (D:1)
14 creatures vanquished.

Notes
Turn   | Place    | Note
-------+----------+-------------------------------------------
     0 | D:1      | Getoffmy the Draconian Air Elementalist began the quest for
                  | the Orb.
     0 | D:1      | Reached XP level 1. HP: 14/14 MP: 3/3
   228 | D:1      | Reached XP level 2. HP: 20/20 MP: 0/5
   496 | D:1      | Found a faded altar of an unknown god.
   505 | D:1      | Prayed at the altar of an unknown god.
   505 | D:1      | Became a worshipper of Kikubaaqudgha
   505 | D:1      | Reached * piety under Kikubaaqudgha
   505 | D:1      | Received a gift from Kikubaaqudgha
   555 | D:$      | Got out of the dungeon alive.

Illustrated notes

Levels and vault maps discovered:
D:1:      minmay_arrival_hallway, layout_rooms,
          hellmonk_ecumenical_altar_leap_of_faith

Skill      XL: |  1  2 |
---------------+-------+-----
Conjurations   | 2 |  2.1
Dodging        | |  1.7
Stealth        | |  1.7
Spellcasting   | |  2.3
Air Magic      | |  3.3

Action                     || total
---------------------------++-------
  Melee: Unarmed           ||     9
         Whip              ||     5
         Tailslap          ||     1
   Cast: Shock             ||    20
 Armour: Skin              ||    20
  Dodge: Dodged            ||    14

Table legend: (Time is in decaauts)
 A = Elapsed time spent in this place.
 B = Non-inter-level travel time spent in this place.
 C = Inter-level travel time spent in this place.
 D = Time resting spent in this place.
 E = Time spent auto-exploring this place.
 F = Levels seen in this place.
 G = Mean time per level.
                   A        B        C        D        E       F      G
               +--------+--------+--------+--------+--------+-----+--------+
         Total |    554 |    506 |     48 |    225 |    164 |   1 |  554.0 |
       Dungeon |    554 |    506 |     48 |    225 |    164 |   1 |  554.0 |
               +--------+--------+--------+--------+--------+-----+--------+

Top non-repeatable levels by time:
     D:1: 554 daAuts
